 Dungeon Crawl Stone Soup version 0.27-a0-1139-g28e009f8a6 (webtiles) character file.

Game seed: 9087051906335692718

2 jestyr24 the Caller (level 1, 0/13 HPs)
             Began as a Merfolk Summoner on May 7, 2021.
             Slain by a jackal (1 damage)
             ... on level 2 of the Dungeon.
             The game lasted 00:05:01 (310 turns).

jestyr24 the Caller (Merfolk Summoner)               Turns: 310, Time: 00:05:02

Health: 0/13       AC:  2    Str:  8    XL:     1   Next: 40%
Magic:  2/3        EV: 12    Int: 14    God:
Gold:   16         SH:  0    Dex: 14    Spells: 3/4 levels left

rFire    . . .     SeeInvis .   (no weapon)
rCold    . . .     Faith    .   (no shield)
rNeg     . . .     Spirit   .   a - +0 robe
rPois    .         Reflect  .   (no helmet)
rElec    .         Harm     .   (no cloak)
rCorr    .         Rampage  .   (no gloves)
Will     .....                  (no boots)
Stlth    ++........             (no amulet)
HPRegen  0.04/turn              (no ring)
MPRegen  0.08/turn              (no ring)

@: no status effects
A: (nimble swimmer 2), mertail
a: no special abilities


You were on level 2 of the Dungeon.
You visited 1 branch of the dungeon, and saw 2 of its levels.

You collected 16 gold pieces.

Inventory:

Missiles
 b - 23 poisoned darts
Armour
 a - a +0 robe (worn)
Jewellery
 c - a ring of see invisible


   Skills:
 + Level 2.6 Dodging
 + Level 2.1 Stealth
 + Level 2.0 Spellcasting
 + Level 4.1 Summonings


You had 3 spell levels left.
You knew the following spells:

 Your Spells              Type           Power      Damage    Failure   Level
a - Summon Small Mammal   Summ           48%        N/A       4%          1

Your spell library contained the following spells:

 Spells                   Type           Power      Damage    Failure   Level
 Call Imp                 Summ           12%        N/A       7%          2
 Call Canine Familiar     Summ           12%        N/A       13%         3
 Summon Guardian Golem    Hex/Summ       7%         N/A       30%         3
 Summon Ice Beast         Ice/Summ       7%         N/A       71%         4
 Summon Lightning Spire   Summ/Air       7%         N/A       71%         4


Dungeon Overview and Level Annotations

Branches:
Dungeon (1/15)

Altars:


Innate Abilities, Weirdness & Mutations

((You are quick and stealthy near water. (Stealth+, EV+, Speed+++)))
Your lower body shifts to a powerful aquatic tail in water.


Message History

The bat misses you.
You barely miss the bat. The bat hits you but does no damage.
The bat barely misses your bat.
Your bat closely misses the jackal.
You closely miss the jackal.
Your bat barely misses the bat.
The jackal bites you but does no damage.
The bat closely misses you. The bat barely misses you.
The jackal bites you but does no damage.
You hit the jackal.
The jackal is lightly wounded.
The bat hits you but does no damage. x2; Your bat misses the bat.
Your bat hits the ball python. The jackal bites you.
* * * LOW HITPOINT WARNING * * *
The ball python closely misses you. The ball python barely misses you.
You miss the jackal.
The jackal is lightly wounded.
The bat misses you.
Your bat closely misses the bat.
The jackal closely misses you.
The bat hits your bat but does no damage.
The ball python barely misses you. The ball python grabs you.
The ball python constricts you. The jackal barely misses you.
You hit the jackal but do no damage.
The jackal is lightly wounded.
The bat hits you but does no damage.
Your bat barely misses the bat.
The bat completely misses you. The bat barely misses your bat.
Your bat hits the bat but does no damage.
The jackal barely misses you. The ball python barely misses you.
The ball python constricts you. The bat closely misses your bat.
You closely miss the jackal.
The jackal is lightly wounded.
The bat hits you but does no damage.
Your bat hits the ball python. The bat closely misses you.
Your bat hits the rat but does no damage.
The jackal barely misses you. The ball python bites your bat.
The ball python constricts you.
Your bat barely misses the ball python.
You hit the jackal but do no damage.
The jackal is lightly wounded.
Your bat misses the ball python. The bat hits you but does no damage.
The bat misses you. The jackal closely misses you.
The ball python loses its grip on you. The jackal bites you.
You die...

#.#
#..........#
...####.####
### #.# #.#
###.###
#..b..#
#B.S..#
#h.b..#
#@br..#
#.....#
#######


You could see a jackal, a giant cockroach, 2 bats, a ball python, a rat and a
friendly bat (summoned).

Vanquished Creatures
  A hobgoblin (D:1)
1 creature vanquished.

Vanquished Creatures (collateral kills)
  2 hobgoblins
  A frilled lizard (D:1)
3 creatures vanquished.

Grand Total: 4 creatures vanquished

Notes
Turn   | Place    | Note
-------+----------+-------------------------------------------
     0 | D:1      | jestyr24 the Merfolk Summoner began the quest for the Orb.
     0 | D:1      | Reached XP level 1. HP: 13/13 MP: 3/3
   227 | D:1      | You fall into a shaft and drop 1 floor!
   277 | D:2      | Found a faded altar of an unknown god.
   310 | D:2      | Slain by a jackal

Illustrated notes

Levels and vault maps discovered:
D:1:      dpeg_arrival_tiny_g, layout_basic, serial_glass, glass_columns_a,
          glass_columns_a
D:2:      layout_loops_cross, hellmonk_ecumenical_altar_arch_garden

Action                   || total
-------------------------++-------
Melee: Unarmed           ||    13
 Cast: Summon Small Mamm ||    10
Armor: Robe              ||    16
Dodge: Dodged            ||    41

Table legend: (Time is in decaauts)
 A = Elapsed time spent in this place.
 B = Non-inter-level travel time spent in this place.
 C = Inter-level travel time spent in this place.
 D = Time resting spent in this place.
 E = Time spent auto-exploring this place.
 F = Levels seen in this place.
 G = Mean time per level.
                   A        B        C        D        E       F      G
               +--------+--------+--------+--------+--------+-----+--------+
         Total |    309 |    309 |      0 |    141 |     14 |   2 |  154.5 |
       Dungeon |    309 |    309 |      0 |    141 |     14 |   2 |  154.5 |
               +--------+--------+--------+--------+--------+-----+--------+

Top non-repeatable levels by time:
     D:1: 227 daAuts
     D:2: 82 daAuts
